[Event "Titled Tuesday Blitz May 03 Early 2022"]
[White "Hart, Braeden"]
[Black "Stanisz, Patryk"]
[WhiteFideId "30962587"]
[BlackFideId "1123106"]
[WhiteElo "2509"]
[BlackElo "1833"]
[Result "1-0"]
[Round "11"]
[TimeControl "180+1"]
[Date "2022.05.03"]
[WhiteClock "0:01:36"]
[BlackClock "0:00:06"]

1. e4 c5 2. Nf3 Nc6 3. b4 cxb4 4. d4 d5 5. exd5 Qxd5 6. c4 bxc3 7. Nxc3 Qa5 8. Bd2 e6 9. Bb5 Bb4 10. O-O Bxc3 11. Bxc6+ bxc6 12. Qc2 Ne7 13. Bxc3 Qc7 14. d5 exd5 15. Bxg7 Rg8 16. Be5 Qd7 17. Rfe1 Kf8 18. Qxh7 Qg4 19. Qh6+ Ke8 20. Bg3 Be6 21. Ne5 Qg7 22. Qc1 Rc8 23. Rb1 Ng6 24. Nxc6 Nh4 25. Qc5 Nf5 26. Rb7 Qf8 27. Qxd5 Qd6 28. Bxd6 Nxd6 29. Rxe6+ 1-0


[Site "https://www.chess.com"]

[Event "Titled Tuesday Blitz May 03 Early 2022"]
[White "Hovhannisyan, Robert"]
[Black "Meshkovs, Nikita"]
[WhiteFideId "13302507"]
[BlackFideId "11602740"]
[WhiteElo "2570"]
[BlackElo "2506"]
[Result "1-0"]
[Round "11"]
[TimeControl "180+1"]
[Date "2022.05.03"]
[WhiteClock "0:01:42"]
[BlackClock "0:01:00"]

1. e4 e5 2. Nc3 Nf6 3. Nf3 Nc6 4. d4 exd4 5. Nxd4 Bb4 6. Nxc6 bxc6 7. Bd3 d5 8. exd5 O-O 9. O-O Bg4 10. f3 Bh5 11. Bg5 cxd5 12. Bxf6 Qxf6 13. Nxd5 Bc5+ 14. Kh1 Qxb2 15. Rb1 Qxa2 16. Rb5 c6 17. Nc3 Qa3 18. Nb1 Qxd3 19. Qxd3 cxb5 20. Qd5 1-0


[Site "https://www.chess.com"]

[Event "Titled Tuesday Blitz May 03 Early 2022"]
[White "Iljin, Timofey"]
[Black "Nguyen, Hong Anh"]
[WhiteFideId "14110180"]
[BlackFideId "12406732"]
[WhiteElo "2396"]
[BlackElo "2016"]
[Result "1/2-1/2"]
[Round "11"]
[TimeControl "180+1"]
[Date "2022.05.03"]
[WhiteClock "0:00:06"]
[BlackClock "0:00:23"]

1. d4 Nf6 2. c4 g6 3. Nc3 d5 4. cxd5 Nxd5 5. e4 Nxc3 6. bxc3 Bg7 7. Nf3 c5 8. Be2 O-O 9. O-O Nc6 10. Be3 Qc7 11. Rc1 Rd8 12. d5 Bg4 13. Bxc5 Ne5 14. Bd4 Bxf3 15. Bxf3 e6 16. dxe6 fxe6 17. Bg4 Qe7 18. Qe2 Nxg4 19. Bxg7 Nxh2 20. Kxh2 Qxg7 21. Qg4 Rd6 22. Rcd1 Rad8 23. Rxd6 Rxd6 24. Qg3 Qd7 25. Re1 a6 26. Qe5 Rc6 27. Re3 Qe7 28. Rf3 Qc7 29. Qxc7 Rxc7 30. Rd3 Kf7 31. e5 Ke7 32. f4 Rc4 33. g3 Ra4 34. Rd2 Ra3 35. Rc2 Ra4 36. Kh3 Rc4 37. Kg4 b5 38. a3 a5 39. Rb2 Rc5 40. Kg5 Rxc3 41. Rxb5 Rxg3+ 42. Kh6 Rxa3 43. Kxh7 Rf3 44. Rb7+ Kd8 45. Kxg6 Rxf4 46. Ra7 a4 47. Kg5 Rf5+ 48. Kg4 Rxe5 49. Rxa4 Ke7 50. Kf3 Kf6 51. Re4 Ra5 52. Kf2 e5 53. Rb4 Kf5 54. Ke2 Ra3 55. Kd2 Rh3 56. Ke2 Rh2+ 57. Ke3 Rh3+ 58. Ke2 Rc3 59. Kd2 Ra3 60. Ke2 Ra2+ 61. Ke3 Ke6 62. Rb5 Kd6 63. Ke4 Ra4+ 64. Ke3 Rd4 65. Rb8 Rh4 66. Rb5 Ke6 67. Ke2 Kf5 68. Kd2 Kf4 69. Ke2 Rh2+ 70. Ke1 e4 71. Rb3 Rh1+ 72. Ke2 Rh2+ 73. Ke1 Rc2 74. Ra3 Rb2 75. Rc3 Ra2 76. Rb3 Ke5 77. Rc3 Kd4 78. Rh3 Rc2 79. Rg3 Rh2 80. Ra3 Rh1+ 81. Ke2 Rh2+ 82. Ke1 Kc4 83. Re3 Kd4 84. Ra3 1/2-1/2


[Site "https://www.chess.com"]

[Event "Titled Tuesday Blitz May 03 Early 2022"]
[White "Ismayil, Malak"]
[Black "Stevens, Christian"]
[WhiteFideId "13412604"]
[BlackFideId "2604450"]
[WhiteElo "1879"]
[BlackElo "2502"]
[Result "1-0"]
[Round "11"]
[TimeControl "180+1"]
[Date "2022.05.03"]
[WhiteClock "0:00:24"]
[BlackClock "0:00:01"]

1. e4 c5 2. Nf3 e6 3. Nc3 a6 4. Be2 Nc6 5. O-O Nf6 6. d3 d5 7. Bg5 Be7 8. exd5 exd5 9. d4 cxd4 10. Nxd4 O-O 11. h3 Be6 12. Re1 Qb6 13. Nb3 d4 14. Na4 Qa7 15. Bxf6 Bxf6 16. Nac5 Bxb3 17. Nxb3 d3 18. Bxd3 Bxb2 19. Rb1 Bf6 20. Qh5 g6 21. Qc5 Rac8 22. Qd6 Bc3 23. Re3 Rfd8 24. Qf4 Nd4 25. Re7 Rf8 26. Nxd4 Qxd4 27. Qxd4 Bxd4 28. Rbxb7 Rc5 29. Kf1 a5 30. Ke2 Bf6 31. Red7 Re5+ 32. Kf3 Rc5 33. Be4 Rc3+ 34. Ke2 Re8 35. f3 Rxc2+ 36. Kf1 Rc1+ 37. Kf2 Bc3 38. Rxf7 Bd4+ 39. Kg3 Be5+ 40. Kg4 Bd4 41. Rxh7 Rg1 42. Bd5+ 1-0


[Site "https://www.chess.com"]

[Event "Titled Tuesday Blitz May 03 Early 2022"]
[White "Itkis, Boris"]
[Black "Sailer, Mike"]
[WhiteFideId "1209167"]
[BlackFideId "2012901"]
[WhiteElo "2207"]
[BlackElo "2109"]
[Result "1-0"]
[Round "11"]
[TimeControl "180+1"]
[Date "2022.05.03"]
[WhiteClock "0:00:07"]
[BlackClock "0:00:04"]

1. Nf3 d5 2. e3 Nf6 3. b3 Bg4 4. Bb2 e6 5. h3 Bh5 6. d4 Be7 7. Nbd2 O-O 8. Bd3 c5 9. O-O Nbd7 10. Qb1 a6 11. c4 cxd4 12. Nxd4 dxc4 13. Nxc4 Bg6 14. Rd1 Bxd3 15. Qxd3 Nc5 16. Qe2 Qb8 17. Nf3 Rd8 18. Be5 Qa7 19. Rxd8+ Rxd8 20. Rd1 Rxd1+ 21. Qxd1 Qa8 22. Qd4 Qd8 23. Qxd8+ Bxd8 24. Nd6 b5 25. Nd4 Nfe4 26. Nxe4 Nxe4 27. Nc6 Bb6 28. Kf1 f6 29. Bb2 Kf7 30. Ke2 Ke8 31. f3 Ng3+ 32. Kd3 Nf5 33. e4 Ne7 34. Nb8 a5 35. Bd4 Bc7 36. Na6 Kd7 37. Bc5 Bd6 38. Bxd6 Kxd6 39. a3 Nc6 40. Kc3 Ne5 41. a4 Kc6 42. axb5+ Kxb5 43. Nc7+ Kc6 44. Nxe6 Nd7 45. Nxg7 Nc5 46. Nh5 Nd7 47. g4 Kb5 48. f4 h6 49. h4 Kc5 50. Ng7 Kb5 51. Nf5 Nc5 52. Nxh6 Nxe4+ 53. Kd4 Nf2 54. g5 fxg5 55. hxg5 Kb4 56. g6 Ng4 57. Nxg4 Kxb3 58. g7 1-0


[Site "https://www.chess.com"]

[Event "Titled Tuesday Blitz May 03 Early 2022"]
[White "Jakubiec, Artur"]
[Black "Varshini, V"]
[WhiteFideId "1103261"]
[BlackFideId "5091241"]
[WhiteElo "2473"]
[BlackElo "1948"]
[Result "1-0"]
[Round "11"]
[TimeControl "180+1"]
[Date "2022.05.03"]
[WhiteClock "0:00:32"]
[BlackClock "0:00:04"]

1. f4 d5 2. Nf3 e6 3. g3 Nf6 4. Bg2 Be7 5. O-O c5 6. d3 Nc6 7. Nc3 b6 8. e4 dxe4 9. dxe4 Bb7 10. e5 Qxd1 11. Rxd1 Nd7 12. Ne4 O-O-O 13. Be3 Nb4 14. Ne1 Nd5 15. Bf2 Nb8 16. c3 Kc7 17. Nc2 Kc8 18. Na3 Ba6 19. Bf1 Bxf1 20. Kxf1 Nc7 21. Nc4 Rxd1+ 22. Rxd1 Ne8 23. a4 Nc6 24. Ke2 Kc7 25. Be3 f6 26. exf6 Nxf6 27. Ng5 Nd8 28. Ne5 h6 29. Ng6 Re8 30. Nf3 Bd6 31. a5 Nb7 32. axb6+ axb6 33. Ra1 Kb8 34. Nfe5 Nd5 35. Kf3 Na5 36. Rd1 Kc7 37. Nf7 Be7 38. Bf2 Bf6 39. g4 Nc4 40. Bg3 Nxb2 41. Rb1 Nc4 42. h4 Kc6 43. g5 Nd2+ 44. Kg4 Nxb1 45. gxf6 gxf6 46. Kh5 Ne7 47. Kxh6 Nxg6 48. Kxg6 Rg8+ 49. Kxf6 Rxg3 50. Ng5 Rh3 51. Nxh3 Nxc3 52. h5 Nd5+ 53. Kxe6 Nc7+ 54. Kf7 c4 55. Nf2 c3 56. h6 c2 57. Nd3 Kd5 58. h7 Kc4 59. Nc1 1-0


[Site "https://www.chess.com"]

[Event "Titled Tuesday Blitz May 03 Early 2022"]
[White "Janaszak, Dawid"]
[Black "Lashkin, Jegor"]
[WhiteFideId "1119206"]
[BlackFideId "13907808"]
[WhiteElo "2199"]
[BlackElo "2368"]
[Result "0-1"]
[Round "11"]
[TimeControl "180+1"]
[Date "2022.05.03"]
[WhiteClock "0:00:06"]
[BlackClock "0:00:09"]

1. e4 c5 2. Nc3 d6 3. d4 cxd4 4. Qxd4 Nc6 5. Qd2 g6 6. b3 Bh6 7. f4 Nf6 8. Bb2 O-O 9. O-O-O e5 10. Nge2 Re8 11. Qxd6 Qxd6 12. Rxd6 Ng4 13. g3 exf4 14. Nxf4 Nf2 15. Rg1 Nxe4 16. Nxe4 Rxe4 17. Kb1 Re1+ 18. Bc1 Bf8 19. Rd2 Bc5 20. Rh1 Be3 21. Kb2 Bxd2 22. Bxd2 Rd1 23. Bc3 Be6 24. Bg2 Rxh1 25. Bxh1 Rd8 26. h4 Kf8 27. Bf3 Ke7 28. Kc1 h6 29. Nd3 Bd5 30. Be2 b6 31. Nf4 Be4 32. Bb5 g5 33. Nh5 Rd6 34. Bb2 Nd4 35. Bc4 b5 36. Bd3 Bxd3 37. cxd3 Rc6+ 38. Kd1 Nf5 39. hxg5 hxg5 40. g4 Ne3+ 41. Kd2 Nxg4 42. Ba3+ Kd8 43. Ng3 Re6 44. Ne4 f6 45. Nc5 Rc6 46. Ne4 Ne5 47. Bb2 Nd7 48. Bd4 a6 49. a4 bxa4 50. bxa4 Kc7 51. Bc3 g4 52. Ng3 Ne5 53. Ba5+ Kb7 54. Ke3 Rd6 55. Ne4 Rxd3+ 56. Kf4 Rd5 57. Nxf6 Rxa5 0-1


[Site "https://www.chess.com"]

[Event "Titled Tuesday Blitz May 03 Early 2022"]
[White "Johnson, Ben"]
[Black "Miszler, Levente"]
[WhiteFideId "2010917"]
[BlackFideId "763276"]
[WhiteElo "2206"]
[BlackElo "1966"]
[Result "0-1"]
[Round "11"]
[TimeControl "180+1"]
[Date "2022.05.03"]
[WhiteClock "0:00:10"]
[BlackClock "0:01:01"]

1. Nf3 Nf6 2. c4 g6 3. b3 Bg7 4. Bb2 O-O 5. g3 d6 6. d4 Nbd7 7. Bg2 Re8 8. O-O c6 9. Nc3 Qc7 10. Qc2 e5 11. Rad1 exd4 12. Nxd4 Nc5 13. b4 Ne6 14. e3 Nxd4 15. Rxd4 Bf5 16. Qd1 Rad8 17. Re1 h5 18. h3 c5 19. bxc5 dxc5 20. Rxd8 Rxd8 21. Qb3 b6 22. Nd5 Nxd5 23. Bxd5 Bxb2 24. Qxb2 Bxh3 25. Qf6 Rd6 26. Qh4 Be6 27. e4 b5 28. e5 Rxd5 29. cxd5 Bxd5 30. g4 hxg4 31. Qxg4 c4 32. f4 Qc5+ 33. Kf1 c3 34. f5 c2 35. Qg5 Bc4+ 36. Kg2 Qd5+ 37. Kh2 Qd1 38. Rg1 Qe2+ 39. Rg2 Qxe5+ 40. Kh3 Bf1 41. fxg6 Qxg5 0-1


[Site "https://www.chess.com"]

[Event "Titled Tuesday Blitz May 03 Early 2022"]
[White "Jumabayev, Rinat"]
[Black "Yuan, Qingyu"]
[WhiteFideId "13702661"]
[BlackFideId "8609772"]
[WhiteElo "2561"]
[BlackElo "2359"]
[Result "1-0"]
[Round "11"]
[TimeControl "180+1"]
[Date "2022.05.03"]
[WhiteClock "0:00:33"]
[BlackClock "0:00:01"]

1. d4 d5 2. c4 e6 3. Nf3 Nf6 4. Nc3 a6 5. cxd5 exd5 6. Bg5 Be6 7. e3 Nbd7 8. h3 Bd6 9. Bd3 c6 10. Bf4 Qc7 11. Qd2 Nh5 12. Bxd6 Qxd6 13. g4 Nhf6 14. O-O-O h6 15. Kb1 O-O-O 16. Rc1 Kb8 17. Qc2 c5 18. dxc5 Qxc5 19. Nd4 Rc8 20. Qb3 Qb6 21. Qxb6 Nxb6 22. b3 Nbd7 23. f3 Rc7 24. Kb2 Rhc8 25. h4 Ne5 26. Bb1 Nc6 27. Nce2 Nxd4 28. Nxd4 Rxc1 29. Rxc1 Rxc1 30. Kxc1 Kc7 31. g5 hxg5 32. hxg5 Nd7 33. f4 Bg4 34. Kd2 Nc5 35. b4 Ne6 36. Kc3 Nxd4 37. Kxd4 Kd6 38. a4 f6 39. a5 Bd7 40. Ba2 fxg5 41. fxg5 Bc6 42. Bb3 Bd7 43. Bxd5 Bc8 44. e4 Kc7 45. Kc5 Bd7 46. e5 Bb5 47. Be4 Bd7 48. Bf3 Bb5 49. e6 Kd8 50. Kd6 Bc6 51. e7+ Ke8 52. Bh5+ 1-0


[Site "https://www.chess.com"]

[Event "Titled Tuesday Blitz May 03 Early 2022"]
[White "Kadam, Om Manish"]
[Black "Djordjevic, Vuk"]
[WhiteFideId "45076294"]
[BlackFideId "902098"]
[WhiteElo "1729"]
[BlackElo "2496"]
[Result "1-0"]
[Round "11"]
[TimeControl "180+1"]
[Date "2022.05.03"]
[WhiteClock "0:00:11"]
[BlackClock "0:00:05"]

1. Nf3 Nf6 2. g3 e6 3. Bg2 d5 4. O-O Be7 5. b3 O-O 6. Bb2 b5 7. a4 b4 8. d4 Nbd7 9. Nbd2 Bb7 10. c3 a5 11. c4 c5 12. e3 Nb6 13. Ne5 Ra7 14. Qc2 dxc4 15. Bxb7 Rxb7 16. Nc6 Qd5 17. Nxa5 c3 18. Nxb7 cxb2 19. Qxb2 Qxb7 20. Nc4 Nxc4 21. bxc4 Ra8 22. a5 Qc6 23. Rfd1 Ne4 24. d5 exd5 25. cxd5 Qc7 26. f3 Nc3 27. Rd2 Rxa5 28. d6 Rxa1+ 29. Qxa1 Bxd6 30. Qa8+ Bf8 31. Rd8 Qe7 32. Re8 Qd6 33. Rd8 Qe7 34. Re8 Qxe8 35. Qxe8 b3 36. Qb8 c4 37. Kf2 Na4 38. Ke1 Nc5 39. Kd2 Nd7 40. Qb5 Nc5 41. Qxc4 g6 42. f4 h5 43. Qb5 Be7 44. Qb8+ Kg7 45. Qe5+ Kg8 46. Qxe7 b2 47. Kc2 Ne6 48. Kxb2 Ng7 49. e4 Ne6 50. f5 gxf5 51. exf5 Ng7 52. Qg5 Kh7 53. f6 Ne6 54. Qxh5+ Kg8 55. Qg4+ Kh7 56. h4 Kh6 57. h5 Kh7 58. Qf5+ Kh6 59. g4 Ng5 60. Qf4 Kh7 61. Qxg5 Kh8 62. Qg7# 1-0


[Site "https://www.chess.com"]

[Event "Titled Tuesday Blitz May 03 Early 2022"]
[White "Kamsky, Gata"]
[Black "Moiseenko, Alexander"]
[WhiteFideId "2000024"]
[BlackFideId "14102560"]
[WhiteElo "2645"]
[BlackElo "2577"]
[Result "0-1"]
[Round "11"]
[TimeControl "180+1"]
[Date "2022.05.03"]
[WhiteClock "0:00:01"]
[BlackClock "0:00:03"]

1. d4 Nf6 2. Nf3 d5 3. Bf4 c5 4. e3 Nc6 5. Nbd2 Nh5 6. dxc5 Nxf4 7. exf4 e6 8. Nb3 Qf6 9. Qc1 g6 10. Bb5 Bh6 11. g3 O-O 12. O-O Bd7 13. Re1 a6 14. Bxc6 Bxc6 15. Ne5 Rfc8 16. Ng4 Qg7 17. Nxh6+ Qxh6 18. Nd4 Ba4 19. b3 Bd7 20. b4 a5 21. a3 Qg7 22. Qe3 axb4 23. axb4 Qf6 24. h4 h5 25. Kh2 Qd8 26. Qe5 Rxa1 27. Rxa1 Ra8 28. Rxa8 Qxa8 29. b5 Qa1 30. c6 bxc6 31. bxc6 Qf1 32. Qe3 Bc8 33. Qe2 Qa1 34. Nb5 Qa6 35. Nd4 Qa1 36. Qd2 Ba6 37. Nf3 Qa4 38. Ne5 Qb5 39. c7 Qc5 40. Nd7 Qxc7 41. Nf6+ Kf8 42. Qb4+ Qe7 0-1


[Site "https://www.chess.com"]

[Event "Titled Tuesday Blitz May 03 Early 2022"]
[White "Karavade, Eesha"]
[Black "Polster, Christian"]
[WhiteFideId "5012600"]
[BlackFideId "12965081"]
[WhiteElo "2258"]
[BlackElo "2291"]
[Result "1-0"]
[Round "11"]
[TimeControl "180+1"]
[Date "2022.05.03"]
[WhiteClock "0:01:25"]
[BlackClock "0:00:45"]

1. d4 d5 2. c4 e6 3. Nf3 c6 4. e3 Nf6 5. Nc3 Bd6 6. Qc2 O-O 7. Be2 Nbd7 8. O-O Re8 9. Rd1 Qe7 10. e4 dxe4 11. Nxe4 Nxe4 12. Qxe4 Nf6 13. Qh4 h6 14. Bf4 Bxf4 15. Qxf4 c5 16. dxc5 Qxc5 17. Ne5 Qc7 18. Rac1 Bd7 19. Rxd7 Nxd7 20. Qxf7+ Kh8 21. Ng6+ Kh7 22. Bd3 Qd6 23. Ne5+ Kh8 24. Qg6 Nxe5 25. Qh7# 1-0


[Site "https://www.chess.com"]

[Event "Titled Tuesday Blitz May 03 Early 2022"]
[White "Khabinets, Ivan"]
[Black "Petrovic, Aleksa"]
[WhiteFideId "14115980"]
[BlackFideId "967629"]
[WhiteElo "2114"]
[BlackElo "2198"]
[Result "0-1"]
[Round "11"]
[TimeControl "180+1"]
[Date "2022.05.03"]
[WhiteClock "0:00:36"]
[BlackClock "0:00:17"]

1. c4 Nf6 2. Nc3 c5 3. e4 Nc6 4. Nf3 e6 5. d4 cxd4 6. Nxd4 Bb4 7. Qd3 Ne5 8. Qc2 O-O 9. Be2 d5 10. Bg5 Qb6 11. O-O-O Bxc3 12. Qxc3 Nxe4 13. Qe3 Nxg5 14. Qxe5 f6 15. Qe3 e5 16. Nb5 Qxe3+ 17. fxe3 Bf5 18. h4 Ne4 19. Rxd5 Be6 20. Rdd1 Ng3 21. Bd3 Nxh1 22. Nc7 Nf2 23. Nxe6 Rfc8 24. b3 Nxd1 25. Kxd1 Kf7 0-1


[Site "https://www.chess.com"]

[Event "Titled Tuesday Blitz May 03 Early 2022"]
[White "Kohler, Aran"]
[Black "Toncheva, Nadya"]
[WhiteFideId "1002856"]
[BlackFideId "2924056"]
[WhiteElo "2315"]
[BlackElo "1884"]
[Result "0-1"]
[Round "11"]
[TimeControl "180+1"]
[Date "2022.05.03"]
[WhiteClock "0:00:03"]
[BlackClock "0:00:13"]

1. d4 d5 2. Nf3 Nf6 3. Bg5 Ne4 4. Bh4 c5 5. e3 Nc6 6. c3 Qb6 7. Qb3 c4 8. Qxb6 axb6 9. Nbd2 Bf5 10. Nxe4 Bxe4 11. Nd2 Bg6 12. a3 b5 13. Rc1 e6 14. Be2 Bd6 15. f4 Kd7 16. O-O Ne7 17. Bf2 h5 18. Bf3 Bd3 19. Rfe1 f5 20. Bh4 Nc8 21. Ra1 Nb6 22. Bg5 Na4 23. Ra2 g6 24. Bd1 Nb6 25. Nf3 Kc7 26. Bf6 Rhg8 27. Be5 Nd7 28. Bxd6+ Kxd6 29. Ne5 Nxe5 30. fxe5+ Ke7 31. Bf3 h4 32. Raa1 g5 33. Be2 Be4 34. Bf3 Bxf3 35. gxf3 g4 36. f4 g3 37. hxg3 Rxg3+ 38. Kf2 Rag8 39. Rg1 Rxg1 40. Rxg1 Rxg1 41. Kxg1 Kf7 42. Kh2 Kg6 43. Kg2 Kh5 44. Kh3 b6 45. Kg2 Kg4 46. Kf2 h3 0-1


[Site "https://www.chess.com"]

[Event "Titled Tuesday Blitz May 03 Early 2022"]
[White "Kollars, Dmitrij"]
[Black "Rasulov, Vugar"]
[WhiteFideId "12909572"]
[BlackFideId "13402390"]
[WhiteElo "2584"]
[BlackElo "2560"]
[Result "0-1"]
[Round "11"]
[TimeControl "180+1"]
[Date "2022.05.03"]
[WhiteClock "0:00:36"]
[BlackClock "0:01:19"]

1. d4 d5 2. c4 c6 3. cxd5 cxd5 4. Bg5 h6 5. Bh4 Qb6 6. Nc3 e6 7. e3 Qxb2 8. Bb5+ Bd7 9. Bxd7+ Nxd7 10. Nge2 Bb4 11. Rc1 Rc8 12. O-O Bxc3 13. Rc2 Qa3 14. Qd3 Ngf6 15. Nxc3 O-O 16. f3 Rc4 17. Rfc1 Rfc8 18. h3 b5 19. Qd2 b4 20. Nd1 Qxc1 21. Rxc1 Rxc1 22. Kh2 R8c2 23. Qd3 Rxa2 24. Nf2 Rcc2 25. Kg1 g5 26. Bg3 Nh5 27. Qb5 Nxg3 0-1


[Site "https://www.chess.com"]

[Event "Titled Tuesday Blitz May 03 Early 2022"]
[White "Korchmar, Vasiliy"]
[Black "Le Ruyet, Leopold"]
[WhiteFideId "24131750"]
[BlackFideId "645923"]
[WhiteElo "2370"]
[BlackElo "2276"]
[Result "1-0"]
[Round "11"]
[TimeControl "180+1"]
[Date "2022.05.03"]
[WhiteClock "0:02:32"]
[BlackClock "0:01:28"]

1. e4 c5 2. Nf3 Nc6 3. d4 cxd4 4. Nxd4 Nf6 5. Nc3 e5 6. Ndb5 d6 7. Nd5 Nxd5 8. exd5 Ne7 9. c4 Ng6 10. Qa4 Bd7 11. Qb4 Qb8 12. h4 h5 13. Bd3 Be7 14. Bxg6 fxg6 15. Bg5 a6 16. Bxe7 Kxe7 17. Nc3 Qa7 18. Ne4 Qd4 19. Qxd6+ Ke8 20. Qxg6+ Kd8 21. O-O Qxc4 22. Qg5+ 1-0


[Site "https://www.chess.com"]

[Event "Titled Tuesday Blitz May 03 Early 2022"]
[White "Kosteniuk, Alexandra"]
[Black "Jaskolka, Tomasz"]
[WhiteFideId "4128125"]
[BlackFideId "1170791"]
[WhiteElo "2469"]
[BlackElo "2073"]
[Result "0-1"]
[Round "11"]
[TimeControl "180+1"]
[Date "2022.05.03"]
[WhiteClock "0:00:22"]
[BlackClock "0:00:17"]

1. e4 c5 2. Nf3 e6 3. c3 Nf6 4. e5 Nd5 5. d4 d6 6. Bc4 cxd4 7. cxd4 Be7 8. O-O Qc7 9. Bxd5 exd5 10. Nc3 dxe5 11. Nxe5 Be6 12. Bf4 Qb6 13. Qa4+ Nc6 14. Qb5 O-O 15. Qxb6 axb6 16. Rfd1 f6 17. Nf3 Rfd8 18. h3 Bb4 19. Nb5 Bf7 20. a3 Bf8 21. Rac1 Na5 22. Bc7 Rdc8 23. Bxb6 Nc4 24. Bc5 Nxb2 25. Bxf8 Nxd1 26. Bc5 Nb2 27. Nd6 Rc7 28. Nb5 Rcc8 29. Nd6 Rc7 30. Rb1 Nd3 31. Nb5 Rc6 32. Bb4 Rc1+ 33. Rxc1 Nxc1 34. Nd6 Nd3 35. Nxb7 Nxb4 36. axb4 Rb8 37. Nd6 Rxb4 38. Kh2 Bg6 39. Kg3 Be4 40. Nh2 Rxd4 41. f3 Bg6 42. Ng4 Rd1 43. h4 d4 44. Nf2 Rd2 45. Nc4 Rc2 46. Na3 Rc5 47. Kf4 Ra5 48. Nc4 Ra4 49. Nd2 Ra2 50. Nfe4 Bxe4 51. Nxe4 Rxg2 52. Nc5 Rh2 53. Kg3 Rc2 54. Nd3 Rc3 55. Nf4 d3 56. Kf2 d2 57. Ke2 d1=Q+ 58. Kxd1 Rxf3 59. Ng2 Rg3 0-1


[Site "https://www.chess.com"]

[Event "Titled Tuesday Blitz May 03 Early 2022"]
[White "Laohawirapap, Prin"]
[Black "Jian, Alex"]
[WhiteFideId "6205003"]
[BlackFideId "30901022"]
[WhiteElo "1832"]
[BlackElo "2111"]
[Result "1-0"]
[Round "11"]
[TimeControl "180+1"]
[Date "2022.05.03"]
[WhiteClock "0:00:26"]
[BlackClock "0:00:05"]

1. e4 c5 2. Nf3 Nc6 3. d4 cxd4 4. Nxd4 Nf6 5. Nc3 e5 6. Ndb5 d6 7. Nd5 Nxd5 8. exd5 Nb8 9. a4 Be7 10. Be2 O-O 11. Bd2 a6 12. Na3 Nd7 13. Nc4 b6 14. O-O f5 15. f4 exf4 16. Bxf4 Nc5 17. Bf3 g5 18. Be3 Bd7 19. a5 Bb5 20. Nxb6 Bxf1 21. Nxa8 Bxg2 22. Bxg2 Qxa8 23. Bxc5 dxc5 24. d6 Qa7 25. dxe7 Qxe7 26. Qd2 Rd8 27. Qc3 Qe2 28. Re1 Rd1 29. Bd5+ Kf8 30. Qf6+ Ke8 31. Bc6+ Rd7 32. Bxd7+ Kxd7 33. Rxe2 1-0


[Site "https://www.chess.com"]

[Event "Titled Tuesday Blitz May 03 Early 2022"]
[White "Lazavik, Denis"]
[Black "Visakh N R"]
[WhiteFideId "13515110"]
[BlackFideId "25012223"]
[WhiteElo "2437"]
[BlackElo "2448"]
[Result "1/2-1/2"]
[Round "11"]
[TimeControl "180+1"]
[Date "2022.05.03"]
[WhiteClock "0:00:05"]
[BlackClock "0:00:18"]

1. d4 Nf6 2. c4 e6 3. Nf3 d5 4. Nc3 Be7 5. Bg5 h6 6. Bh4 O-O 7. e3 Ne4 8. Bxe7 Qxe7 9. Rc1 c6 10. Be2 Nd7 11. Qc2 Nxc3 12. Qxc3 Re8 13. O-O dxc4 14. Qxc4 e5 15. Rfd1 e4 16. Nd2 Nf6 17. Qc5 Bg4 18. Bxg4 Nxg4 19. Qxe7 Rxe7 20. h3 Nf6 21. a3 Nd5 22. Rc5 f5 23. b4 a6 24. Rb1 Rf8 25. a4 f4 26. Rb3 fxe3 27. fxe3 Ref7 28. b5 axb5 29. axb5 Rf2 30. Nxe4 Re2 31. Ng3 Re1+ 32. Kh2 Nxe3 33. bxc6 bxc6 34. Rcc3 Nd5 35. Rxc6 Rf2 36. Nh5 Ne3 37. Rg6 Nf1+ 38. Kg1 Rf7 39. Rb8+ Kh7 40. Rxg7+ Rxg7 41. Nxg7 Kxg7 42. Kf2 Ra1 43. Rb2 Kf6 44. Rb6+ Kg5 45. Rb2 h5 46. g3 Kf5 47. Rb5+ Ke4 48. Rxh5 Nd2 49. Rh4+ Kd5 50. Rf4 Ne4+ 51. Kf3 Ra3+ 52. Kg2 Kxd4 53. Rf3 Ra2+ 54. Kg1 Ng5 55. Rb3 Ke4 56. Kf1 Nxh3 57. Ke1 Ng5 58. Kd1 Nf3 59. Rb8 Nd4 60. Re8+ Kd3 61. Ke1 Rb2 62. g4 Rg2 63. Kf1 Ra2 64. g5 Ra6 65. Kf2 Rg6 66. Re5 Ne6 67. Ra5 Ke4 68. Ra4+ Kf5 69. Ra5+ Kg4 70. Ra4+ Nf4 71. Ke3 Re6+ 72. Re4 Kxg5 73. Rxe6 Nxe6 1/2-1/2


[Site "https://www.chess.com"]

[Event "Titled Tuesday Blitz May 03 Early 2022"]
[White "Legenia, Artem"]
[Black "Sanchez, Robert"]
[WhiteFideId "14136945"]
[BlackFideId "2034360"]
[WhiteElo "1936"]
[BlackElo "2427"]
[Result "0-1"]
[Round "11"]
[TimeControl "180+1"]
[Date "2022.05.03"]
[WhiteClock "0:01:29"]
[BlackClock "0:01:08"]

1. d4 d5 2. Nf3 c6 3. c3 Nf6 4. Bf4 Bf5 5. e3 e6 6. h3 Nbd7 7. Bd3 Be7 8. O-O O-O 9. Bxf5 exf5 10. Nbd2 Ne4 11. Ne5 Nxe5 12. Bxe5 Qb6 13. Nxe4 fxe4 14. Qb3 Qa6 15. Rac1 b5 16. a3 f5 17. Ra1 Bf6 18. Bxf6 Rxf6 19. a4 bxa4 20. Rxa4 Qe2 21. c4 f4 22. cxd5 f3 23. dxc6+ Kh8 24. g3 Rg6 25. g4 h5 26. c7 hxg4 27. Qb8+ Kh7 28. c8=Q gxh3+ 29. Kh2 Rxb8 30. Qxb8 Qxf1 0-1


[Site "https://www.chess.com"]

[Event "Titled Tuesday Blitz May 03 Early 2022"]
[White "Lehtosaari, Mauri"]
[Black "Kanyamarala, Trisha"]
[WhiteFideId "501999"]
[BlackFideId "45004722"]
[WhiteElo "2514"]
[BlackElo "2079"]
[Result "0-1"]
[Round "11"]
[TimeControl "180+1"]
[Date "2022.05.03"]
[WhiteClock "0:00:07"]
[BlackClock "0:00:08"]

1. d4 Nf6 2. Nf3 d5 3. Bg5 e6 4. Nbd2 Nbd7 5. e3 Be7 6. Bd3 c5 7. c3 O-O 8. O-O Qc7 9. Rc1 Bd6 10. e4 dxe4 11. Nxe4 Nxe4 12. Bxe4 Bf4 13. Rc2 Bxg5 14. Nxg5 Nf6 15. Bd3 Rd8 16. Qf3 Bd7 17. Bxh7+ Kf8 18. Be4 Bc6 19. Bxc6 Qxc6 20. Qxc6 bxc6 21. dxc5 Rd5 22. Nf3 Rxc5 23. Rd1 Rd5 24. Rcd2 Rb8 25. c4 Rxd2 26. Rxd2 Ne4 27. Re2 Nc5 28. b3 a5 29. Nd4 Rd8 30. Nf3 Rd1+ 31. Re1 Rd3 32. Rb1 Ne4 33. Ne5 Rd2 34. Nxc6 Rxa2 35. b4 axb4 36. Nxb4 Rd2 37. f3 Nc3 38. Ra1 g6 39. Nc6 Rc2 40. Ne5 Ne2+ 41. Kh1 Kg7 42. g3 Kf6 43. Ng4+ Kg7 44. Re1 f5 45. Ne5 f4 46. g4 Kf6 47. Nd3 g5 48. c5 Nd4 49. Rc1 Rd2 50. Nb4 Nxf3 51. Rc2 Rd1+ 52. Kg2 Ne1+ 53. Kf2 Nxc2 54. Ke2 Rc1 55. Nd3 Nd4+ 56. Kd2 Rc4 57. h3 e5 58. Nf2 Ne6 59. Kd3 Rxc5 60. Ne4+ Kg6 61. Nxc5 Nxc5+ 62. Kc4 f3 63. Kd5 f2 0-1


[Site "https://www.chess.com"]

[Event "Titled Tuesday Blitz May 03 Early 2022"]
[White "Levitskiy, Andrey"]
[Black "Melikhov, Evgeny V."]
[WhiteFideId "14132885"]
[BlackFideId "4122046"]
[WhiteElo "2301"]
[BlackElo "1931"]
[Result "1-0"]
[Round "11"]
[TimeControl "180+1"]
[Date "2022.05.03"]
[WhiteClock "0:01:05"]
[BlackClock "0:00:21"]

1. e4 e5 2. Nf3 Nc6 3. Bc4 Nf6 4. Ng5 d5 5. exd5 Na5 6. Bb5+ c6 7. dxc6 bxc6 8. Bd3 Ng4 9. Nh3 f5 10. O-O Bc5 11. Be2 h5 12. c3 Bb6 13. d4 exd4 14. Bg5 Qd5 15. Bf3 Qd6 16. Bf4 Qf6 17. Re1+ Kf8 18. Qe2 Bd7 19. Bg5 Qg6 20. Qe7+ Kg8 21. Qxd7 Kh7 22. Bf4 Rhe8 23. Nd2 dxc3 24. bxc3 Rad8 25. Ng5+ Kh8 26. Nf7+ Kh7 27. Rxe8 Bxf2+ 28. Kh1 Bb6 29. Qxd8 Nf2+ 30. Kg1 Qxf7 31. Rh8+ Kg6 32. Bxh5# 1-0


[Site "https://www.chess.com"]